[Event "December 5 Early 2023"]
[Site "https://www.chess.com"]
[Date "2023.12.05"]
[Round "10"]
[White "Javakhadze, Zurab"]
[Black "Hambleton, Aman"]
[Result "1-0"]
[Board "32"]
[TimeControl "180+1"]
[WhiteFideId "13603647"]
[BlackFideId "2606577"]
[WhiteElo "2834"]
[BlackElo "2711"]
[WhiteTeam "GEO"]
[BlackTeam "CAN"]
[WhiteClock "0:00:01"]
[BlackClock "0:00:00"]

1. Nf3 d5 2. g3 c6 3. Bg2 Nf6 4. O-O h6 5. c4 Bf5 6. d3 e6 7. Be3 Nbd7 8. Qb3 Qc8 9. Nc3 Be7 10. Rac1 Qb8 11. cxd5 exd5 12. Bf4 Nc5 13. Qc2 Qd8 14. Nd4 Bg6 15. b4 Ne6 16. Nxe6 fxe6 17. b5 c5 18. e4 O-O 19. Qe2 Bh5 20. f3 Re8 21. g4 Bf7 22. Bg3 Rc8 23. e5 Nd7 24. f4 Bh4 25. Qf2 Bxg3 26. Qxg3 Qb6 27. Kh1 c4 28. f5 cxd3 29. fxe6 Bxe6 30. Nxd5 Qd4 31. Rxc8 Rxc8 32. Ne7+ Kh7 33. Nxc8 Nxe5 34. Qf2 Qxf2 35. Rxf2 Bxc8 36. Be4+ Kg8 37. Rd2 Bxg4 38. Bxd3 Bf3+ 39. Kg1 Kf8 40. Be2 Be4 41. Rd4 Bf5 42. Rf4 g6 43. Rd4 Ke7 44. Kf2 Be6 45. a4 Nf7 46. Bc4 Nd6 47. Bxe6 Kxe6 48. Rg4 g5 49. Ke3 Ke5 50. Kd3 Kf5 51. Rg1 1-0

[Event "December 5 Early 2023"]
[Site "https://www.chess.com"]
[Date "2023.12.05"]
[Round "10"]
[White "Hayrapetyan, Hovik"]
[Black "Prohaszka, Peter"]
[Result "1-0"]
[Board "33"]
[TimeControl "180+1"]
[WhiteFideId "13302639"]
[BlackFideId "726265"]
[WhiteElo "2815"]
[BlackElo "2686"]
[WhiteTeam "ARM"]
[BlackTeam "HUN"]
[WhiteClock "0:02:05"]
[BlackClock "0:01:35"]

1. d4 Nf6 2. c4 g6 3. Nc3 d5 4. Nf3 Bg7 5. Qb3 dxc4 6. Qxc4 a6 7. e4 b5 8. Qb3 c5 9. dxc5 Nfd7 10. Be3 Nc6 11. Be2 O-O 12. O-O Bb7 13. Rfd1 Qa5 14. Rxd7 Bc8 15. Rdd1 Be6 16. Nd5 Ra7 17. a3 Qa4 18. Qxa4 bxa4 19. Nd4 Na5 20. Nxe6 fxe6 21. c6 Raa8 22. Nxe7+ Kf7 23. Rd7 Rfd8 24. Rxd8 Rxd8 25. c7 1-0

[Event "December 5 Early 2023"]
[Site "https://www.chess.com"]
[Date "2023.12.05"]
[Round "10"]
[White "Miladinovic, Igor"]
[Black "Kokoszczynski, Jan"]
[Result "0-1"]
[Board "34"]
[TimeControl "180+1"]
[WhiteFideId "4203380"]
[BlackFideId "1174460"]
[WhiteElo "2804"]
[BlackElo "2666"]
[WhiteTeam "SRB"]
[BlackTeam "POL"]
[WhiteClock "0:00:37"]
[BlackClock "0:00:11"]

1. d4 d5 2. c4 e6 3. Nc3 Nf6 4. cxd5 exd5 5. Bg5 c6 6. e3 Be6 7. Bd3 Nbd7 8. Nf3 h6 9. Bf4 Nh5 10. Be5 Nxe5 11. dxe5 g6 12. Nd4 Ng7 13. O-O Bc5 14. f4 Bxd4 15. exd4 Qb6 16. Ne2 Bf5 17. Kh1 O-O 18. Bxf5 Nxf5 19. Qd3 h5 20. Rad1 Qxb2 21. Ng3 Nh4 22. Rd2 Qb5 23. Qe3 Nf5 24. Qf2 Nxg3+ 25. hxg3 f5 26. exf6 Rxf6 27. Re1 Qb4 28. Rb2 Qf8 29. Rxb7 Re8 30. Re5 Rf7 31. Rb3 Rb8 32. Qc2 Rxb3 33. Qxg6+ Qg7 34. Re8+ Rf8 35. Qe6+ Kh7 36. Rxf8 Rb1+ 37. Kh2 Qxf8 38. f5 Rf1 39. Qg6+ Kh8 40. Qxh5+ Kg8 41. Qg6+ Qg7 42. Qe8+ Kh7 43. g4 Qh6+ 44. Kg3 Qf4+ 45. Kh4 Rh1# 0-1

[Event "December 5 Early 2023"]
[Site "https://www.chess.com"]
[Date "2023.12.05"]
[Round "10"]
[White "Gimenez Aguirre, Alejo Ismael"]
[Black "Yeremyan, Alen"]
[Result "0-1"]
[Board "35"]
[TimeControl "180+1"]
[WhiteFideId "32041667"]
[BlackFideId "13308998"]
[WhiteElo "2642"]
[BlackElo "2798"]
[WhiteTeam "ARG"]
[BlackTeam "ARM"]
[WhiteClock "0:00:00"]
[BlackClock "0:01:55"]

1. e4 Nf6 2. Nc3 d5 3. exd5 Nxd5 4. Bc4 Nb6 5. Bb3 Nc6 6. Nf3 g6 7. d4 Bg7 8. Be3 O-O 9. h3 Bf5 10. a3 Na5 11. O-O Nxb3 12. cxb3 Nd5 13. Rc1 c6 14. b4 h6 15. Qd2 Kh7 16. Nh4 Be6 17. Rfe1 Nxc3 18. bxc3 b5 19. f4 Bd5 20. f5 e6 21. fxg6+ fxg6 22. Bf2 Rf7 23. Qd3 Qg5 24. Re3 Rxf2 25. Kxf2 Qxh4+ 26. Rg3 Rf8+ 27. Kg1 Qf6 28. Re1 h5 29. Kh1 Bh6 30. Re5 Qf1+ 31. Kh2 Qxd3 32. Rxd3 Bf4+ 0-1

[Event "December 5 Early 2023"]
[Site "https://www.chess.com"]
[Date "2023.12.05"]
[Round "10"]
[White "Maltsevskaya, Aleksandra"]
[Black "Weetik, Vjacheslav"]
[Result "0-1"]
[Board "36"]
[TimeControl "180+1"]
[WhiteFideId "24174041"]
[BlackFideId "4153472"]
[WhiteElo "2622"]
[BlackElo "2796"]
[WhiteTeam "POL"]
[BlackTeam "RUS"]
[WhiteClock "0:00:00"]
[BlackClock "0:00:10"]

1. Nf3 Nf6 2. g3 d5 3. Bg2 Bf5 4. O-O e6 5. d3 c6 6. b3 h6 7. Bb2 Bh7 8. Nbd2 Be7 9. e4 O-O 10. Qe2 a5 11. a3 Na6 12. Ne5 Re8 13. h4 Bf8 14. g4 Nd7 15. Nxd7 Qxd7 16. g5 hxg5 17. hxg5 e5 18. f4 exf4 19. Rxf4 Nc5 20. Rh4 Bg6 21. Kf2 dxe4 22. dxe4 Rad8 23. Rah1 f6 24. Qc4+ Re6 25. Bc3 fxg5 26. Rh8+ Kf7 27. Bh3 b5 28. Bxe6+ Nxe6 29. Qe2 b4 30. Nf3 bxc3 31. Ne5+ Kf6 32. Nxd7+ Rxd7 33. e5+ Kf7 34. Rd1 Bc5+ 35. Kf1 Rxd1+ 36. Qxd1 Nd4 37. Qg4 Bxc2 38. Qd7+ Kg6 39. e6 Bd3+ 40. Ke1 Nf3+ 41. Kd1 c2+ 0-1

[Event "December 5 Early 2023"]
[Site "https://www.chess.com"]
[Date "2023.12.05"]
[Round "10"]
[White "Damjanovic, Vuk"]
[Black "Bychkov, Vladimir"]
[Result "1-0"]
[Board "37"]
[TimeControl "180+1"]
[WhiteFideId "980021"]
[BlackFideId "24151513"]
[WhiteElo "2785"]
[BlackElo "2491"]
[WhiteTeam "SRB"]
[BlackTeam "RUS"]
[WhiteClock "0:01:06"]
[BlackClock "0:00:00"]

1. Nf3 Nf6 2. b3 c5 3. Bb2 Nc6 4. c4 b6 5. g3 Bb7 6. Bg2 Nd4 7. Bxd4 cxd4 8. O-O h5 9. h4 e5 10. Nxe5 Bxg2 11. Kxg2 Bd6 12. Nf3 Ne4 13. Nxd4 g5 14. Qc2 Qe7 15. Nf5 Qe5 16. Nxd6+ Nxd6 17. Qc3 Qxc3 18. Nxc3 gxh4 19. gxh4 O-O-O 20. Kf3 Rh6 21. Nd5 Nf5 22. Rh1 Re8 23. e3 Rg6 24. Ke2 Nd4+ 25. Kd3 Nf3 26. Rh3 Ne5+ 27. Ke2 Rg2 28. Nf4 Rg4 29. Nxh5 Re7 30. Nf6 Rg7 31. h5 Ng4 32. Rg1 Re6 33. Rxg4 1-0

[Event "December 5 Early 2023"]
[Site "https://www.chess.com"]
[Date "2023.12.05"]
[Round "10"]
[White "YurasovMat-2012"]
[Black "Samunenkov, Ihor"]
[Result "0-1"]
[Board "38"]
[TimeControl "180+1"]
[BlackFideId "14187086"]
[WhiteElo "2379"]
[BlackElo "2760"]
[BlackTeam "UKR"]
[WhiteClock "0:00:00"]
[BlackClock "0:00:03"]

1. e4 e5 2. Nf3 Nf6 3. Nxe5 d6 4. Nf3 Nxe4 5. Nc3 Nxc3 6. dxc3 Be7 7. Be3 O-O 8. Qd2 Nd7 9. O-O-O Nf6 10. Bd3 Re8 11. Rde1 d5 12. Bg5 Bg4 13. Ne5 Be6 14. f4 h6 15. Bh4 c5 16. f5 Bc8 17. c4 Ne4 18. Bxe7 Qxe7 19. Bxe4 dxe4 20. Rxe4 Bxf5 21. Ree1 Qg5 22. Qxg5 hxg5 23. Nf3 f6 24. h3 b6 25. a3 Kf7 26. Rhf1 Rxe1+ 27. Rxe1 Re8 28. Rxe8 Kxe8 29. Kd2 Be4 30. Ne1 Kd7 31. Ke3 Bc6 32. b4 Ke6 33. g3 Kd6 34. Nd3 Ba4 35. Kd2 Bd7 36. g4 Be6 37. Kc3 f5 38. Nf2 Ke5 39. Nd3+ Kd6 40. Nf2 g6 41. a4 cxb4+ 42. Kxb4 a5+ 43. Kc3 Ke5 44. Nd3+ Kd6 45. Nf2 Ke5 46. Nd3+ Ke4 47. c5 bxc5 48. Nxc5+ Ke5 49. Nd3+ Ke4 50. Nc5+ Kd5 51. Nd3 fxg4 52. hxg4 Bxg4 53. Kd2 Bf5 54. Nf2 g4 55. Nh1 Kc4 56. Ng3 Bd7 57. Ne4 Bxa4 0-1

[Event "December 5 Early 2023"]
[Site "https://www.chess.com"]
[Date "2023.12.05"]
[Round "10"]
[White "Movahed, Sina"]
[Black "Gontcharov, Vladislav"]
[Result "0-1"]
[Board "39"]
[TimeControl "180+1"]
[WhiteFideId "42520835"]
[BlackFideId "4123492"]
[WhiteElo "2918"]
[BlackElo "2645"]
[WhiteTeam "IRI"]
[BlackTeam "RUS"]
[WhiteClock "0:01:25"]
[BlackClock "0:01:17"]

1. Nf3 Nf6 2. c4 g6 3. Nc3 Bg7 4. e4 c5 5. d4 cxd4 6. Nxd4 Nc6 7. Be3 Ng4 8. Qxg4 Nxd4 9. Qd1 Ne6 10. Qd2 Qa5 11. Rc1 g5 12. Be2 h5 13. O-O d6 14. Rfd1 Bd7 15. b3 Rc8 16. Qe1 Be5 17. Bf1 Nf4 18. g3 Ne6 19. Nd5 Qxe1 20. Rxe1 g4 21. h4 b6 22. Red1 f6 23. Nf4 Kf7 24. Nd3 Nc5 25. Nxe5+ fxe5 26. Bg2 Be6 27. f4 gxf3 28. Bf4 exf4 0-1

[Event "December 5 Early 2023"]
[Site "https://www.chess.com"]
[Date "2023.12.05"]
[Round "10"]
[White "Xu, Yi"]
[Black "Jakubowski, Krzysztof"]
[Result "1-0"]
[Board "40"]
[TimeControl "180+1"]
[WhiteFideId "8605564"]
[BlackFideId "1112848"]
[WhiteElo "2843"]
[BlackElo "2640"]
[WhiteTeam "CHN"]
[BlackTeam "POL"]
[WhiteClock "0:00:13"]
[BlackClock "0:00:00"]

1. e4 c5 2. Nf3 e6 3. d4 cxd4 4. Nxd4 Nc6 5. Nc3 Qc7 6. g3 a6 7. Bg2 d6 8. O-O Bd7 9. Be3 Nf6 10. a4 Be7 11. Nb3 Ne5 12. h3 Nc4 13. Bc1 O-O 14. a5 Rab8 15. Kh2 Rfc8 16. f4 b5 17. axb6 Qxb6 18. Qe2 Be8 19. g4 Nd7 20. g5 Bf8 21. h4 a5 22. h5 Qc7 23. Nd4 Qc5 24. Nb3 Qc7 25. Qf3 Nc5 26. Nxc5 Qxc5 27. b3 Ne5 28. fxe5 Qxe5+ 29. Bf4 Qxc3 30. Qxc3 Rxc3 31. Rf2 Rb5 32. Bf3 Rbc5 33. Bd1 Bc6 34. Bd2 Rxc2 35. Bxc2 Rxc2 36. Rxa5 Bxe4 37. Ra7 f5 38. gxf6 gxf6 39. Be3 Rc3 40. Bd4 1-0

[Event "December 5 Early 2023"]
[Site "https://www.chess.com"]
[Date "2023.12.05"]
[Round "10"]
[White "Bodnar, Nikolay"]
[Black "Shuvalova, Polina"]
[Result "0-1"]
[Board "41"]
[TimeControl "180+1"]
[WhiteFideId "14106469"]
[BlackFideId "24171760"]
[WhiteElo "2635"]
[BlackElo "2837"]
[WhiteTeam "UKR"]
[BlackTeam "RUS"]
[WhiteClock "0:00:50"]
[BlackClock "0:01:15"]

1. c4 e6 2. Nc3 d5 3. cxd5 exd5 4. d4 Nf6 5. Bg5 Be7 6. e3 O-O 7. Bd3 h6 8. Bh4 Re8 9. Nf3 c6 10. Qc2 Nbd7 11. O-O Ne4 12. Bxe7 Qxe7 13. Rab1 Nd6 14. b4 a6 15. a4 b5 16. Ra1 Nb6 17. axb5 axb5 18. Rxa8 Nxa8 19. Re1 Nb6 20. e4 dxe4 21. Nxe4 Bf5 22. Qxc6 Nxe4 23. Qxb6 Qxb4 24. Qxb5 Qxb5 25. Bxb5 Rd8 26. Bd3 Nd6 27. Bxf5 Nxf5 28. Rd1 g5 29. h3 Kg7 30. Kf1 Kf6 31. Ke2 Ra8 32. Rd2 Ke6 33. g4 Ne7 34. Rb2 Nd5 35. h4 Ra3 36. hxg5 Nf4+ 37. Kf1 Rxf3 38. Rb6+ Ke7 39. gxh6 Rh3 40. g5 Rh1# 0-1

[Event "December 5 Early 2023"]
[Site "https://www.chess.com"]
[Date "2023.12.05"]
[Round "10"]
[White "Ambartsumova, Karina"]
[Black "IM_ArthurDW08"]
[Result "1/2-1/2"]
[Board "42"]
[TimeControl "180+1"]
[WhiteFideId "4166299"]
[WhiteElo "2632"]
[BlackElo "2809"]
[WhiteTeam "RUS"]
[WhiteClock "0:00:29"]
[BlackClock "0:00:18"]

1. d4 Nf6 2. c4 g6 3. Nf3 Bg7 4. g3 d6 5. Bg2 O-O 6. O-O Bf5 7. Nc3 Ne4 8. Qb3 Nxc3 9. bxc3 Nc6 10. Qxb7 Na5 11. Qa6 c6 12. c5 dxc5 13. Ba3 Qb6 14. Qxb6 axb6 15. dxc5 bxc5 16. Bxc5 Bxc3 17. Rac1 Bf6 18. Nd4 Bd7 19. Rfd1 Nb7 20. Nxc6 Nxc5 21. Rxc5 Bxc6 22. Rxc6 Rxa2 23. e3 e6 24. Rdc1 Ra1 25. Rxa1 Bxa1 1/2-1/2

[Event "December 5 Early 2023"]
[Site "https://www.chess.com"]
[Date "2023.12.05"]
[Round "10"]
[White "Agibileg, Uurtsaikh"]
[Black "Dragun, Kamil"]
[Result "1-0"]
[Board "43"]
[TimeControl "180+1"]
[WhiteFideId "4901606"]
[BlackFideId "1134167"]
[WhiteElo "2629"]
[BlackElo "2806"]
[WhiteTeam "MGL"]
[BlackTeam "POL"]
[WhiteClock "0:00:12"]
[BlackClock "0:00:02"]

1. d4 Nf6 2. c4 e6 3. Nc3 Bb4 4. f3 c5 5. d5 b5 6. e4 d6 7. Ne2 O-O 8. Nf4 e5 9. Ne2 a6 10. Ng3 Kh8 11. Be2 Ng8 12. O-O bxc4 13. f4 exf4 14. Bxf4 Ne7 15. e5 Ng6 16. exd6 Nxf4 17. Rxf4 Qxd6 18. Qd2 Nd7 19. Raf1 Ne5 20. Nge4 Qh6 21. a3 Ba5 22. d6 Be6 23. Kh1 Ng6 24. Nxc5 Nxf4 25. Rxf4 Bxc3 26. bxc3 Rab8 27. Qd4 Rb1+ 28. Bf1 Rd8 29. Kg1 Qg6 30. Rf3 Bf5 31. d7 Bd3 32. Nxd3 cxd3 33. Re3 f5 34. Re8+ Rxe8 35. d8=Q Re1 36. Q8d7 f4 37. Qxd3 Qb6+ 38. Q3d4 Qb1 39. Q4xg7# 1-0

[Event "December 5 Early 2023"]
[Site "https://www.chess.com"]
[Date "2023.12.05"]
[Round "10"]
[White "Skatchkov, Valery"]
[Black "Wagh Suyog"]
[Result "0-1"]
[Board "44"]
[TimeControl "180+1"]
[WhiteFideId "24195812"]
[BlackFideId "25071688"]
[WhiteElo "2613"]
[BlackElo "2763"]
[WhiteTeam "RUS"]
[BlackTeam "IND"]
[WhiteClock "0:00:05"]
[BlackClock "0:00:07"]

1. d4 Nf6 2. c4 e6 3. Nc3 Bb4 4. e3 O-O 5. Bd2 b6 6. Nf3 d5 7. cxd5 exd5 8. Bd3 Bd6 9. O-O Re8 10. Nb5 Bf8 11. Rc1 c5 12. Nc3 Nc6 13. dxc5 bxc5 14. Bb5 Bb7 15. Na4 Ne4 16. Nxc5 Bxc5 17. b4 Nxd2 18. Nxd2 Bxe3 19. fxe3 Qb6 20. Ba4 Rxe3 21. Kh1 Nxb4 22. Qh5 g6 23. Qh6 Re7 24. Nf3 Qf6 25. Rb1 a5 26. Ng5 Qg7 27. Qh4 f6 28. Nf3 Re4 29. Qg3 f5 30. a3 Na6 31. Qd6 Qe7 32. Qb6 Rb8 33. Bb3 Re6 34. Qd4 Bc6 35. Ba2 Rxb1 36. Rxb1 Nc7 37. Rc1 h6 38. Qb6 Qd7 39. h3 Kh7 40. Qf2 Rd6 41. Qh4 Kg7 42. Qd4+ Kh7 43. Ne5 Qe6 44. Re1 Qf6 45. Qf4 Ne6 46. Qg3 f4 47. Qf2 Ba8 48. Bb1 Nf8 49. Ng4 Qf7 50. Qc5 Re6 51. Rd1 h5 52. Nh2 d4 53. Nf3 Bxf3 54. gxf3 Rf6 55. Qxh5+ Kg7 56. Qe5 Qe6 57. Qxd4 Qxh3+ 58. Kg1 Qg3+ 59. Kf1 Qxf3+ 60. Qf2 Qxd1+ 0-1

[Event "December 5 Early 2023"]
[Site "https://www.chess.com"]
[Date "2023.12.05"]
[Round "10"]
[White "Krysa, Leandro"]
[Black "Truskavetsky, Alexandr"]
[Result "1-0"]
[Board "46"]
[TimeControl "180+1"]
[WhiteFideId "116807"]
[BlackFideId "14108577"]
[WhiteElo "2724"]
[BlackElo "2587"]
[WhiteTeam "ARG"]
[BlackTeam "RUS"]
[WhiteClock "0:00:09"]
[BlackClock "0:00:19"]

1. e4 c5 2. Nf3 Nc6 3. Bb5 g6 4. O-O Bg7 5. Re1 e5 6. a3 a6 7. Bc4 d6 8. d3 Nge7 9. Nc3 O-O 10. h3 b5 11. Ba2 h6 12. Nd5 Be6 13. c3 Bxd5 14. exd5 Nb8 15. b4 cxb4 16. axb4 Nd7 17. Rb1 Qc7 18. c4 f5 19. c5 Nf6 20. Rxe5 Kh7 21. cxd6 Qxd6 22. Re6 Qd8 23. d6 Ned5 24. Bd2 Qd7 25. Qe2 Rae8 26. Re1 Rxe6 27. Qxe6 Qxe6 28. Rxe6 Rc8 29. Ne5 Rc2 30. Bxd5 Rxd2 31. d7 Nxd7 32. Nxd7 Rxd3 33. Re7 h5 34. Bf7 Rd4 35. Nc5 Rxb4 36. Re6 Bf8 37. Bxg6+ Kg7 38. Nxa6 Rb1+ 39. Kh2 b4 40. Bxf5 Rf1 41. Kg3 b3 42. Rb6 h4+ 43. Kf3 Ra1 44. Nc7 Ra5 45. Ne6+ Kf7 46. Nxf8 Rxf5+ 47. Ke2 Re5+ 48. Kf1 Kxf8 49. Rxb3 Re4 50. Re3 Ra4 51. g3 Kg7 52. Kg2 Kg6 53. Rf3 Kg5 54. Rf8 hxg3 55. fxg3 Ra2+ 56. Rf2 Ra4 57. Rf3 Ra2+ 58. Rf2 Ra4 59. h4+ Kg4 60. Re2 Rb4 61. Kh2 Ra4 62. Rf2 Rb4 63. Kg2 Ra4 64. Re2 Rb4 65. Kf2 Ra4 66. Rd2 Re4 67. Rd8 Rb4 68. Rg8+ Kh3 69. Rg5 Rb2+ 70. Kf3 Rb3+ 71. Kf4 Rb4+ 72. Kf5 Kg2 73. Kg6 Kf3 74. h5 Rb6+ 75. Kh7 Rb7+ 76. Rg7 Rb6 77. h6 Ke4 78. g4 Ke5 79. g5 Kf5 80. g6 Rb8 81. Rf7+ Kg5 82. g7 Ra8 83. g8=Q+ Rxg8 84. Kxg8 Kxh6 85. Rg7 Kh5 86. Kf7 Kh6 87. Kf6 Kh5 88. Rg8 Kh6 89. Rh8# 1-0

[Event "December 5 Early 2023"]
[Site "https://www.chess.com"]
[Date "2023.12.05"]
[Round "10"]
[White "Novoselov, Roman"]
[Black "Kislinsky, Alexey"]
[Result "1-0"]
[Board "47"]
[TimeControl "180+1"]
[WhiteFideId "4135067"]
[BlackFideId "14108801"]
[WhiteElo "2590"]
[BlackElo "2708"]
[WhiteTeam "RUS"]
[BlackTeam "CZE"]
[WhiteClock "0:00:06"]
[BlackClock "0:00:01"]

1. d4 Nf6 2. Nc3 d5 3. Bg5 Nbd7 4. e3 e6 5. Nf3 Be7 6. Be2 O-O 7. O-O b6 8. Ne5 Nxe5 9. dxe5 Nd7 10. Bxe7 Qxe7 11. f4 Bb7 12. Bd3 Rad8 13. Qh5 g6 14. Qh6 Nc5 15. Ne2 f6 16. exf6 Qxf6 17. Nd4 Nxd3 18. cxd3 c5 19. Nf3 Qxb2 20. Ng5 Rd7 21. Nxe6 Re8 22. f5 gxf5 23. Qg5+ Kh8 24. Qxf5 Rg8 25. g3 Ba6 26. d4 Bxf1 27. Qe5+ Rdg7 28. Rxf1 Qc2 29. Nxg7 Qe4 30. Qxe4 dxe4 31. Ne6 cxd4 32. Nxd4 Rc8 33. Rf2 a6 34. Kg2 b5 35. g4 b4 36. Kg3 a5 37. Rb2 Rf8 38. Rc2 Rf1 39. h4 Rg1+ 40. Kf4 Rh1 41. h5 Kg7 42. Kxe4 Ra1 43. g5 a4 44. Rc7+ Kg8 45. g6 hxg6 46. hxg6 Rxa2 47. Ne6 Rc2 48. Rxc2 b3 49. Rc8# 1-0

[Event "December 5 Early 2023"]
[Site "https://www.chess.com"]
[Date "2023.12.05"]
[Round "10"]
[White "Csonka, Balazs"]
[Black "Tologon tegin, Semetei"]
[Result "0-1"]
[Board "48"]
[TimeControl "180+1"]
[WhiteFideId "742910"]
[BlackFideId "13800574"]
[WhiteElo "2700"]
[BlackElo "2579"]
[WhiteTeam "HUN"]
[BlackTeam "KGZ"]
[WhiteClock "0:00:08"]
[BlackClock "0:00:43"]

1. e4 Nf6 2. e5 Nd5 3. Nc3 Nxc3 4. bxc3 d6 5. f4 dxe5 6. fxe5 Bf5 7. Qf3 Qc8 8. Bd3 Bxd3 9. cxd3 e6 10. Ne2 Be7 11. O-O O-O 12. Rb1 c6 13. Ng3 Nd7 14. d4 b6 15. d3 c5 16. Qg4 f5 17. Qf3 cxd4 18. cxd4 Rd8 19. Bb2 Nf8 20. Ne2 Ng6 21. g3 Qd7 22. h4 Rac8 23. h5 Nf8 24. Rfc1 Bg5 25. Nf4 Qa4 26. Rxc8 Rxc8 27. d5 Bxf4 28. gxf4 Qxa2 29. Rc1 Rxc1+ 30. Bxc1 Qxd5 31. Qg3 b5 32. Ba3 b4 33. Bb2 a5 34. Qg5 Qxd3 35. h6 Qb1+ 36. Kh2 Qxb2+ 37. Kg3 Qc3+ 38. Kh2 Qd2+ 39. Kg3 Qd7 0-1

[Event "December 5 Early 2023"]
[Site "https://www.chess.com"]
[Date "2023.12.05"]
[Round "10"]
[White "Arabidze, Meri"]
[Black "Iskusnyh, Sergei"]
[Result "0-1"]
[Board "49"]
[TimeControl "180+1"]
[WhiteFideId "13604040"]
[BlackFideId "4120027"]
[WhiteElo "2700"]
[BlackElo "2560"]
[WhiteTeam "GEO"]
[BlackTeam "RUS"]
[WhiteClock "0:00:00"]
[BlackClock "0:00:20"]

1. Nf3 d5 2. c4 c6 3. d4 Nf6 4. Nbd2 Bf5 5. Nh4 Be6 6. e3 g5 7. Nhf3 g4 8. Ne5 Nbd7 9. Be2 h5 10. b3 Nxe5 11. dxe5 Nd7 12. Bb2 Bg7 13. f4 gxf3 14. Nxf3 dxc4 15. O-O cxb3 16. Ng5 Qb6 17. Nxe6 Qxe3+ 18. Kh1 fxe6 19. Bxh5+ Kd8 20. h3 Qg5 21. Bg4 Kc7 22. Bxe6 Rad8 23. Bc1 Qg3 24. Bf4 Qc3 25. Rc1 Qb2 26. Bxd7 Bxe5 27. Bxe5+ Qxe5 28. Qxb3 Rxd7 29. Rfe1 Qf4 30. Rb1 b6 31. a4 e5 32. a5 b5 33. a6 e4 34. Rbc1 Rd3 35. Qxb5 Rhxh3+ 36. Kg1 Qh2+ 37. Kf1 Rhf3+ 0-1

[Event "December 5 Early 2023"]
[Site "https://www.chess.com"]
[Date "2023.12.05"]
[Round "10"]
[White "Nigalidze, Gaioz"]
[Black "Tan, Jonathan"]
[Result "0-1"]
[Board "50"]
[TimeControl "180+1"]
[WhiteFideId "13603078"]
[BlackFideId "5200482"]
[WhiteElo "2696"]
[BlackElo "2542"]
[WhiteTeam "GEO"]
[BlackTeam "PHI"]
[WhiteClock "0:02:20"]
[BlackClock "0:01:42"]

1. e4 g6 2. d4 Bg7 3. h4 d5 4. e5 h5 5. c3 c5 6. Nf3 Nc6 7. Bb5 Bg4 8. Bxc6+ bxc6 9. Bf4 Qb6 10. Qd2 Bxf3 11. gxf3 e6 12. dxc5 Qxc5 13. Qd4 Qb6 14. Qxb6 axb6 15. Nd2 Bh6 16. Bxh6 Nxh6 17. f4 Nf5 18. Nf3 c5 19. Kd2 Ra4 20. b4 cxb4 21. cxb4 Rxb4 22. Rab1 Rxf4 23. Ke2 Ra4 24. Rxb6 Rxa2+ 25. Kf1 O-O 26. Kg2 Rc8 27. Rf1 Ne3+ 0-1

[Event "December 5 Early 2023"]
[Site "https://www.chess.com"]
[Date "2023.12.05"]
[Round "10"]
[White "Goryachkina, Aleksandra"]
[Black "Estrada Nieto, Julian"]
[Result "0-1"]
[Board "51"]
[TimeControl "180+1"]
[WhiteFideId "4147103"]
[BlackFideId "5101018"]
[WhiteElo "2670"]
[BlackElo "2541"]
[WhiteTeam "FID"]
[BlackTeam "ESP"]
[WhiteClock "0:00:00"]
[BlackClock "0:00:03"]

1. e4 e5 2. Nf3 Nc6 3. Bc4 Bc5 4. c3 Nf6 5. d3 d6 6. Nbd2 a6 7. h3 Ba7 8. Bb3 h6 9. Nf1 Be6 10. Ng3 Qd7 11. Qe2 O-O-O 12. Bxe6 Qxe6 13. Be3 Bxe3 14. Qxe3 d5 15. O-O Kb8 16. a4 d4 17. cxd4 Nxd4 18. Nxd4 Rxd4 19. Nf5 Rb4 20. Nxg7 Qd7 21. Nf5 Rb3 22. Qc5 Rxd3 23. Qxe5 Qe6 24. Qxe6 fxe6 25. Ng7 Nxe4 26. Nxe6 Rg8 27. Rfe1 Nd6 28. Rac1 c6 29. Rcd1 Rxd1 30. Rxd1 Nf5 31. Rd7 Nh4 32. g3 Nf3+ 33. Kg2 Ne5 34. Rh7 Re8 35. Nc5 b6 36. Nxa6+ Kc8 37. Rxh6 Nd3 38. b4 Kb7 39. b5 cxb5 40. axb5 Re2 41. Rh7+ Kc8 42. Rf7 Rb2 43. Nc7 Ne1+ 44. Kf1 Rb1 45. Ke2 Nc2 46. Nd5 Nd4+ 47. Kd3 Nxb5 48. Nxb6+ Kd8 49. Nc4 Rd1+ 50. Ke2 Rc1 51. Ne3 Rb1 0-1

[Event "December 5 Early 2023"]
[Site "https://www.chess.com"]
[Date "2023.12.05"]
[Round "10"]
[White "Osmak, Yuliia"]
[Black "Banzea, Alexandru-Bogdan"]
[Result "1-0"]
[Board "52"]
[TimeControl "180+1"]
[WhiteFideId "14101602"]
[BlackFideId "1232622"]
[WhiteElo "2558"]
[BlackElo "2662"]
[WhiteTeam "UKR"]
[BlackTeam "ROU"]
[WhiteClock "0:01:27"]
[BlackClock "0:00:44"]

1. e4 c5 2. Nf3 g6 3. d4 cxd4 4. Qxd4 Nf6 5. Nc3 Nc6 6. Qa4 d6 7. e5 dxe5 8. Nxe5 Bg7 9. Bb5 O-O 10. Nxc6 bxc6 11. Bxc6 Bd7 12. O-O Rc8 13. Bxd7 Qxd7 14. Qxd7 Nxd7 15. Nd5 Rxc2 16. Nxe7+ Kh8 17. Rb1 Nb6 18. b3 Re8 19. Re1 Bd4 20. Nxg6+ hxg6 21. Rxe8+ Kg7 22. Be3 Bxe3 23. Rxe3 Rxa2 24. g3 Nd5 25. Rd3 Nb4 26. Rd7 a5 27. Rc1 Na6 28. Ra7 Nb4 29. Rcc7 1-0

[Event "December 5 Early 2023"]
[Site "https://www.chess.com"]
[Date "2023.12.05"]
[Round "10"]
[White "Rietze, Clemens, Dr."]
[Black "Vlassov, Nikolai"]
[Result "0-1"]
[Board "53"]
[TimeControl "180+1"]
[WhiteFideId "24620351"]
[BlackFideId "4103360"]
[WhiteElo "2537"]
[BlackElo "2662"]
[WhiteTeam "GER"]
[BlackTeam "FID"]
[WhiteClock "0:00:05"]
[BlackClock "0:00:20"]

1. d4 Nf6 2. c4 Nc6 3. Nf3 e6 4. g3 Bb4+ 5. Bd2 a5 6. Bg2 d6 7. O-O e5 8. Bc1 exd4 9. Nxd4 Bd7 10. Nc2 Bc5 11. Nc3 O-O 12. b3 Re8 13. Bb2 Qc8 14. e3 Bh3 15. Nd5 Nxd5 16. cxd5 Bxg2 17. Kxg2 Ne5 18. h3 c6 19. f4 Ng6 20. Qf3 cxd5 21. Rfd1 Ne7 22. Rd3 Qf5 23. Rad1 Rac8 24. Bd4 Qe4 25. g4 h5 26. f5 Nc6 27. Bxc5 dxc5 28. Qxe4 dxe4 29. Rd7 hxg4 30. hxg4 Ne5 31. Rxb7 Nxg4 32. Rdd7 Nh6 33. f6 gxf6 34. Na3 Re5 35. Nc4 Rg5+ 36. Kf2 Kh7 37. Ra7 Rcg8 38. Ke2 Rg2+ 39. Kd1 Rxa2 40. Nd2 Rg1+ 41. Ke2 Rg2+ 42. Ke1 Kg6 43. Kd1 Rg1+ 44. Ke2 Rg2+ 45. Kd1 Ng4 46. Kc1 Rg1+ 0-1

[Event "December 5 Early 2023"]
[Site "https://www.chess.com"]
[Date "2023.12.05"]
[Round "10"]
[White "Timerkhanov, Alexander"]
[Black "Jovic, Stanoje"]
[Result "1-0"]
[Board "54"]
[TimeControl "180+1"]
[WhiteFideId "24177938"]
[BlackFideId "905020"]
[WhiteElo "2655"]
[BlackElo "2483"]
[WhiteTeam "RUS"]
[BlackTeam "SRB"]
[WhiteClock "0:00:12"]
[BlackClock "0:00:00"]

1. d4 Nf6 2. Bg5 d5 3. Nd2 Ne4 4. Nxe4 dxe4 5. e3 c5 6. c3 Nc6 7. Bc4 cxd4 8. exd4 h6 9. Be3 g5 10. h4 gxh4 11. Qh5 e6 12. Ne2 Qa5 13. Qxh4 b5 14. Qxe4 Bb7 15. Bb3 O-O-O 16. Qh4 b4 17. Qh5 Qc7 18. Bf4 Bd6 19. Bxd6 Rxd6 20. Qc5 bxc3 21. bxc3 Kb8 22. Ng3 f5 23. Rb1 Rc8 24. Bd1 Qd7 25. Bf3 Rc7 26. Rxh6 Nd8 27. Qa5 Rb6 28. Rxb6 axb6 29. Qxb6 Kc8 30. Rh8 Bxf3 31. gxf3 Rxc3 32. Ne2 Rc6 33. Qa5 Kb7 34. Rxd8 1-0